AoeStats
← 从不压堡之人

Arena

510273047Analyzed
3v3 RM · 1d ago on Sep 30, 2026· 45m 20s· 6 players
Game mode
Random Map
Map size
Normal (6 player)
Population
200
Speed
Normal
Resources
Standard
Victory
Conquest
Starting age
Dark Age
Ending age
Imperial Age
RankedLock teamsTeams togetherTeam positionsShared explorationLock speedFull tech treeHidden civsTurbo modeCheats
Victory
Defeat
🇨🇳 Danes · China
1247
+8
🇨🇳 Britons · China
1059
+15
🇨🇳 Spanish · China
972
+19
🇪🇨 Berbers · Ecuador
1079
-15
🇺🇸 Britons · United States
1065
-15
🇨🇳 Teutons · China
1010
-12
shabolobodingdong
8:29 Loom
11:00 Feudal Age
16:53 Castle Age
16:47 Double-Bit Axe
18:04 Bow Saw
21:34 Gold Mining
21:39 Horse Collar
24:56 Gold Shaft Mining
24:20 Fletching
25:11 Fletching
25:32 Stone Mining
30:05 Imperial Age
28:00 Bodkin Arrow
28:43 Padded Archer Armor
29:28 Heavy Plow
30:07 Leather Archer Armor
30:53 Wheelbarrow
31:12 Conscription
31:29 Yeomen
31:36 Bracer
32:54 Ballistics
33:53 Hand Cart
33:47 Elite Longbowman
36:16 Chemistry
35:41 Town Watch
37:03 Ring Archer Armor
38:27 Man-at-Arms
38:53 Gambesons
39:08 Squires
38:54 Arson
41:10 Forging
41:01 Scale Mail Armor
40:25 Long Swordsman
41:23 Two-Handed Swordsman
44:20 Champion
zcy2825309606
11:12 Feudal Age
11:38 Double-Bit Axe
11:55 Horse Collar
17:22 Castle Age
18:24 Bow Saw
20:19 Gold Mining
23:03 Wheelbarrow
23:10 Heavy Plow
23:21 Stone Mining
24:23 Hand Cart
23:55 Town Watch
28:33 Loom
32:46 Imperial Age
31:29 Stone Shaft Mining
31:33 Forging
31:29 Scale Barding Armor
31:51 Bloodlines
34:06 Iron Casting
33:54 Conscription
32:59 Cavalier
34:53 Two-Man Saw
34:25 Crop Rotation
35:58 Blast Furnace
35:20 Chain Barding Armor
34:35 Paladin
36:26 Chemistry
38:49 Plate Barding Armor
Bry.D
3:29 Loom
9:44 Feudal Age
15:48 Castle Age
15:01 Double-Bit Axe
14:57 Horse Collar
15:12 Stone Mining
16:28 Pikeman
27:45 Loom
27:48 Town Watch
28:42 Wheelbarrow
28:04 Fletching
29:51 Stone Shaft Mining
29:07 Gold Mining
29:50 Hand Cart
30:05 Town Patrol
33:24 Imperial Age
31:07 Bodkin Arrow
31:56 Bow Saw
32:12 Heavy Plow
34:15 Bracer
35:18 Chemistry
34:38 Ballistics
35:03 Crop Rotation
34:36 Heavy Camel Rider
35:16 Husbandry
36:08 Bloodlines
36:01 Devotion
36:30 Conscription
35:56 Light Cavalry
37:41 Gold Shaft Mining
36:45 Hussar
40:12 Scale Barding Armor
40:17 Forging
40:12 Scale Barding Armor
40:18 Forging
42:00 Chain Barding Armor
43:12 Elite Skirmisher
43:57 Thumb Ring
45:20 Iron Casting
45:20 Plate Barding Armor
44:52 Siege Engineers
44:57 Squires
44:42 Arson
BLUE POISON
9:48 Feudal Age
10:43 Double-Bit Axe
13:41 Castle Age
11:50 Horse Collar
15:12 Bow Saw
20:58 Wheelbarrow
20:38 Loom
20:43 Loom
22:04 Gold Mining
23:04 Hand Cart
23:48 Loom
27:40 Imperial Age
25:00 Town Watch
25:09 Loom
26:03 Gold Shaft Mining
25:26 Stone Mining
26:26 Scale Mail Armor
27:16 Stone Shaft Mining
26:53 Forging
27:25 Chain Mail Armor
27:55 Heavy Plow
28:23 Squires
27:47 Onager
28:50 Conscription
27:50 Northmen's Fury
28:50 Siege Engineers
28:20 Northmen's Fury
29:34 Plate Mail Armor
28:43 Pikeman
29:42 Siege Onager
30:49 Ballistics
30:22 Fletching
31:55 Chemistry
30:20 Halberdier
32:30 Capped Ram
33:47 Iron Casting
33:00 Arson
33:00 Gambesons
32:36 Man-at-Arms
32:48 Elite Jomsviking
32:48 Hamask
34:16 Hoardings
34:11 Caravan
33:48 Long Swordsman
35:10 Coinage
35:42 Blast Furnace
34:31 Siege Ram
34:40 Two-Handed Swordsman
35:17 Bodkin Arrow
35:22 Champion
36:46 Masonry
36:31 Murder Holes
36:57 Town Patrol
37:52 Bracer
37:47 Guard Tower
37:42 Arrowslits
39:19 Keep
40:42 Banking
42:22 Elite Varangian Guard
从不压堡之人
10:55 Feudal Age
14:51 Castle Age
13:12 Double-Bit Axe
13:20 Horse Collar
15:21 Wheelbarrow
16:03 Bow Saw
20:37 Fletching
21:13 Town Watch
21:59 Bodkin Arrow
23:41 Hand Cart
23:48 Loom
24:29 Heavy Plow
25:37 Caravan
28:44 Imperial Age
26:32 Stone Mining
27:35 Gold Mining
28:22 Stone Shaft Mining
28:59 Husbandry
29:09 Bloodlines
29:40 Ballistics
30:26 Chemistry
29:53 Block Printing
30:13 Theocracy
30:03 Illumination
29:44 Bracer
29:50 Scale Barding Armor
30:29 Guilds
31:30 Two-Man Saw
30:55 Sanctity
30:46 Fervor
31:07 Town Patrol
31:29 Scale Barding Armor
31:52 Inquisition
32:47 Chain Barding Armor
33:00 Ballistics
32:26 Arrowslits
32:31 Guard Tower
34:08 Plate Barding Armor
34:10 Murder Holes
34:16 Capped Ram
35:23 Padded Archer Armor
36:24 Masonry
37:13 Conscription
37:14 Supremacy
37:44 Redemption
39:36 Keep
39:32 Architecture
40:20 Leather Archer Armor
39:32 Elite Conquistador
41:21 Bombard Tower
41:50 Ring Archer Armor
43:39 Forging
43:30 Scale Mail Armor
我怕你审判长?
10:43 Feudal Age
14:31 Castle Age
13:03 Double-Bit Axe
13:32 Horse Collar
15:30 Bow Saw
20:44 Wheelbarrow
20:57 Gold Mining
21:20 Heavy Plow
22:02 Stone Mining
28:14 Imperial Age
26:19 Fletching
26:29 Padded Archer Armor
27:04 Yeomen
27:10 Hand Cart
26:44 Loom
28:34 Gold Shaft Mining
27:57 Bodkin Arrow
28:17 Leather Archer Armor
28:39 Caravan
29:16 Bracer
29:32 Town Watch
30:27 Ballistics
31:08 Chemistry
29:49 Treadmill Crane
31:00 Conscription
30:07 Elite Longbowman
31:28 Town Patrol
32:01 Ring Archer Armor
35:20 Two-Man Saw
36:23 Guilds
42:08 Siege Engineers
43:39 Scale Mail Armor
43:49 Forging
Connection lost

Rejoining the realm…

Still unreachable

The connection could not be restored.

Session expired

The server has moved on; the page needs a fresh start.